 Dungeon Crawl Stone Soup version 0.24.0-123-gd5b16e6ec5 (webtiles) character file.

Game seed: 17042161481685146461, levelgen mode: deterministic

2275 Descartes the Geomancer (level 9, -1/45 HPs)
             Began as a Gargoyle Earth Elementalist on Jan 19, 2020.
             Was a Priest of Qazlal.
             Slain by a killer bee (6 damage)
             ... on level 7 of the Dungeon.
             The game lasted 00:24:56 (9585 turns).

Descartes the Geomancer (GrEE)                      Turns: 9585, Time: 00:24:56

Health: -1/45      AC: 14    Str: 10 (12) XL:     9   Next: 39%
Magic:  17/17      EV: 12    Int: 16 (19) God:    Qazlal [***...]
Gold:   273        SH:  3    Dex:  8 (10) Spells: 8/19 levels left

rFire    . . .     SeeInvis .   C - +1 spear (pain)
rCold    . . .     Gourm    .   (no shield)
rNeg     + . .     Faith    .   O - +0 ring mail (curse)
rPois    ∞         Spirit   .   (no helmet)
rElec    +         Reflect  .   M - +0 cloak
rCorr    .         Harm     .   k - +0 pair of gloves
MR       .....                  (no boots)
Stlth    +.........             (no amulet)
HPRegen  0.15/turn              t - +1 ring of evasion
MPRegen  0.15/turn              (no ring)

@: no status effects
A: negative energy resistance 1, electricity resistance, unbreathing,
petrification resistance, rot immunity, AC +6
a: Upheaval, Elemental Force, Renounce Religion


You were on level 7 of the Dungeon.
You worshipped Qazlal.
Qazlal was most pleased with you.
You were not hungry.

You visited 2 branches of the dungeon, and saw 9 of its levels.
You also visited: Sewer.

You collected 273 gold pieces.

Inventory:

Hand Weapons
 a - a +3 quarterstaff of chaos
 c - a +2 war axe of chopping
 C - a +1 spear of pain (weapon)
 K - a +0 dagger of draining
 N - a +1 mace of holy wrath
 Q - a +1 hunting sling of flaming
 R - a +0 shortbow
Missiles
 b - 199 stones (quivered)
 j - 38 poisoned darts
 m - 119 bolts
 s - 57 sling bullets
 x - 4 large rocks
 z - 108 arrows
 A - 3 silver boomerangs
 B - a throwing net
 D - 14 boomerangs
Armour
 f - a +0 plate armour
 k - a +0 pair of gloves (worn)
 M - a +0 cloak (worn)
 O - a cursed +0 ring mail (worn)
Jewellery
 t - a +1 ring of evasion (left hand)
Wands
 e - a wand of disintegration (9)
 P - a wand of paralysis (3)
Scrolls
 g - a scroll of identify
 p - 2 scrolls of magic mapping
 q - 5 scrolls of remove curse
 v - a scroll of fog
 y - a scroll of teleportation {unknown}
 E - 2 scrolls of enchant armour {unknown}
 G - 2 scrolls of amnesia
 H - a scroll of immolation {unknown}
 L - a scroll of enchant weapon {unknown}
Potions
 h - 3 potions of flight
 i - 2 potions of haste
 l - a potion of heal wounds
 o - a potion of magic
 w - a potion of resistance
 F - a potion of agility
 I - a potion of curing
 J - a potion of might
Comestibles
 d - 8 rations
 S - 6 chunks of flesh


   Skills:
 + Level 3.5 Armour
 + Level 4.2 Dodging
 - Level 2.1 Stealth
 * Level 5.8 Spellcasting
 + Level 3.3 Conjurations
 + Level 2.9 Transmutations
 * Level 8.1 Earth Magic
 + Level 3.2 Invocations
 + Level 2.0 Evocations


You had 8 spell levels left.
You knew the following spells:

 Your Spells              Type           Power        Failure   Level  Hunger
a - Sandblast             Erth           ####..       1%          1    None
b - Passwall              Tmut/Erth      ###.....     5%          2    #......
c - Lee's Rapid Deconstr  Erth           ####......   32%         5    ######.
d - Stone Arrow           Conj/Erth      ###...       10%         3    ##.....

Your spell library contained the following spells:

 Spells                   Type           Power        Failure   Level  Hunger
 Petrify                  Tmut/Erth      ###.....     34%         4    ####...


Dungeon Overview and Level Annotations

Branches:
Dungeon (8/15)             Temple (1/1) D:5           Sewer (visited)
   Lair: D:8-11

Altars:
Ashenzari
Cheibriados
Dithmenos
Elyvilon
Fedhas
Gozag
Hepliaklqana
Makhleb
Nemelex Xobeh
Okawaru
Qazlal
Ru
Sif Muna
Uskayaw
Wu Jian
Xom
Yredelemnul
Zin
Lugonu

Annotations:
D:8 Pikel


Innate Abilities, Weirdness & Mutations

You are resistant to torment.
Your stone body is resilient. (AC +6)
You are immune to poison.
You resist negative energy. (rN+)
You are resistant to electric shocks. (rElec)
You can survive without breathing.
You are immune to petrification.
You are immune to rotting.


Message History

The killer bee stings you but does no damage. x2
The killer bee stings you.
The killer bee stings you but does no damage. x2
The killer bee stings you.
* * * LOW HITPOINT WARNING * * *
There is a stone staircase leading up here.
The killer bee stings you but does no damage.
The killer bee stings you.
* * * LOW HITPOINT WARNING * * *
The killer bee closely misses you. x2; The killer bee barely misses you.
The killer bee stings you but does no damage.
The killer bee stings you.
* * * LOW HITPOINT WARNING * * *
You climb upwards.
A wyvern skeleton comes into view.
You block the wyvern skeleton's attack.
The wyvern skeleton bites you but does no damage.
There is a stone staircase leading down here.
The killer bee stings you.
You die...

## ## .. #. ... #. ...#
######.## ...# #.......##
...# ........y#
#####...###
......Zyy######..........
.......○@................
..........#####..<.......
..........### ####.....##
#...........# ##.......#
####..##..#.# #.........
#..##..#.# #.........
#........####.....>...
##..##................
#...#...###..........


You could see 3 killer bees and a wyvern skeleton.

Vanquished Creatures
  Joseph (D:7)
  Sigmund (D:2)
  A water moccasin (D:7)
  An orc warrior (D:5)
  An ice beast (D:5)
  A centaur (D:7)
  An ogre (D:5)
  A big kobold (Sewer)
  A bullfrog (D:7)
  2 scorpions (D:6)
  A wyvern skeleton (D:6)
  A killer bee (D:8)
  A wight (D:6)
  2 crimson imps
  3 jellies
  2 hounds
  Crazy Yiuf (D:2)
  3 bullfrog skeletons
  2 centaur skeletons
  An orc priest (D:5)
  Jessica (D:2)
  4 orc wizards
  3 worker ants
  7 gnolls
  6 adders
  4 river rats
  2 shadow imps
  An ooze (D:4)
  An adder skeleton (D:7)
  9 worms
  2 dart slugs
  7 leopard geckos
  24 orcs
  A ball python (D:2)
  11 bats
  12 giant cockroaches
  9 goblins
  10 hobgoblins
  A jackal (Sewer)
  12 kobolds
  3 quokkas
  6 frilled lizards
  A jackal zombie (D:8)
  A leopard gecko skeleton (D:5)
  10 rats
176 creatures vanquished.

Notes
Turn   | Place    | Note
-------+----------+-------------------------------------------
     0 | D:1      | Descartes the Gargoyle Earth Elementalist began the quest
                  | for the Orb.
     0 | D:1      | Reached XP level 1. HP: 10/10 MP: 3/3
   176 | D:1      | Reached XP level 2. HP: 15/15 MP: 5/5
   439 | D:1      | Reached skill level 4 in Earth Magic
   988 | D:2      | Reached XP level 3. HP: 15/19 MP: 6/6
  1003 | D:2      | Found a runed translucent door.
  1004 | D:2      | Noticed Crazy Yiuf
  1026 | D:2      | Noticed Sigmund
  1038 | D:2      | Killed Sigmund
  1038 | D:2      | Reached skill level 5 in Earth Magic
  1038 | D:2      | Reached XP level 4. HP: 23/24 MP: 0/9
  1038 | D:2      | Reached XP level 5. HP: 27/28 MP: 0/10
  1201 | D:2      | Learned a level 2 spell: Passwall
  1207 | D:2      | Learned a level 5 spell: Lee's Rapid Deconstruction
  1567 | D:2      | Noticed Jessica
  1581 | D:2      | Killed Jessica
  1581 | D:2      | Reached XP level 6. HP: 18/32 MP: 11/11
  1763 | D:2      | Reached skill level 1 in Transmutations
  2958 | D:3      | Found a glowing silver altar of Zin.
  2958 | D:3      | Found a hazy altar of Hepliaklqana.
  2963 | D:3      | Found an ornate altar of the Wu Jian Council.
  2965 | D:3      | Found a stormy altar of Qazlal.
  2967 | D:3      | Found a shadowy altar of Dithmenos.
  2971 | D:3      | Became a worshipper of Qazlal Stormbringer
  3531 | D:3      | Reached skill level 1 in Armour
  3547 | D:3      | Found a white marble altar of Elyvilon.
  3582 | D:3      | Reached * piety under Qazlal
  4183 | D:4      | Reached skill level 6 in Earth Magic
  4183 | D:4      | Reached XP level 7. HP: 26/36 MP: 13/13
  4243 | D:4      | Learned a level 3 spell: Stone Arrow
  4491 | D:4      | Found a sparkling altar of Nemelex Xobeh.
  5248 | D:4      | Found a sacrificial altar of Ru.
  5288 | D:5      | Entered Level 5 of the Dungeon
  5394 | D:5      | Reached skill level 1 in Invocations
  5469 | D:5      | Found a glowing drain.
  5477 | Sewer    | Entered a sewer
  5488 | Sewer    | Reached skill level 1 in Conjurations
  5743 | Sewer    | Found a white marble altar of Elyvilon.
  5821 | D:5      | Reached ** piety under Qazlal
  5964 | D:5      | Reached XP level 8. HP: 25/41 MP: 11/14
  6184 | D:5      | Found an iron altar of Okawaru.
  6545 | D:5      | Found a staircase to the Ecumenical Temple.
  6554 | Temple   | Entered the Ecumenical Temple
  6772 | D:2      | Killed Crazy Yiuf
  6772 | D:2      | Reached skill level 7 in Earth Magic
  7375 | D:5      | Reached skill level 5 in Spellcasting
  8180 | D:6      | Reached skill level 1 in Evocations
  8816 | D:7      | Noticed Joseph
  8827 | D:7      | Killed Joseph
  8827 | D:7      | Reached XP level 9. HP: 9/45 MP: 8/17
  9214 | D:7      | Reached skill level 8 in Earth Magic
  9345 | D:7      | Reached *** piety under Qazlal
  9550 | D:7      | You fall into a shaft and drop 1 floor!
  9550 | D:8      | Noticed Pikel
  9585 | D:7      | Slain by a killer bee

Levels and vault maps discovered:
D:1:      erik_arrival_cave_to_civilisation [erik_arrival_cave_to_hall],
          layout_basic
D:2:      layout_loops_corners, uniq_sigmund, uniq_jessica,
          uniq_crazy_yiuf_cottage
D:3:      layout_basic, elyvilon_altar_1, chequers_temple_overflow_minitemple
D:4:      layout_loops_ring, nemelex_xobeh_ov_fountains_minmay,
          nicolae_ru_the_path_less_chosen, first_ration
D:5:      layout_cave_pools, marbit_many_paths, temple_hall,
          lightli_sewer_entry_pipes
D:6:      minmay_diamond_boxcup, layout_loops_corners
D:7:      layout_loops_cross, uniq_duvessa, uniq_joseph
D:8:      layout_rooms, kiku_gazebo_garden_becter, enter_ossuary_2, uniq_pikel,
          uniq_maurice
Temple:   corrupted_temple

Skill      XL: |  1  2  3  4  5  6  7  8  9 |
---------------+----------------------------+-----
Earth Magic    | 4 5 6 7 8 |  8.1
Dodging        | 2 3 4 |  4.2
Spellcasting   | 3 4 5 |  5.8
Transmutations | 1 2 |  2.9
Armour         | 1 2 3 |  3.5
Invocations    | 1 2 3 |  3.2
Conjurations   | 1 3 |  3.3
Evocations     | 1 2 |  2.0
Stealth        | |  2.1

Action                   |  1- 3 |  4- 6 |  7- 9 || total
-------------------------+-------+-------+-------++-------
Melee: Spear             |    71 |   421 |   573 ||  1065
 Cast: Sandblast         |     3 |    18 |    59 ||    80
       Passwall          |       |       |     2 ||     2
  Use: Scroll            |       |       |    13 ||    13
       Potion            |       |       |     7 ||     7
 Stab: Sleeping          |     6 |     4 |       ||    10
  Eat: Chunk             |       |    11 |    12 ||    23
       Ration            |       |       |     2 ||     2
Armor: Leather armour    |    16 |   162 |   142 ||   320
       Robe              |     1 |       |       ||     1
       Ring mail         |       |       |   146 ||   146
Dodge: Dodged            |    38 |   237 |   384 ||   659
Block: Other             |       |     3 |    50 ||    53
